 Dungeon Crawl Stone Soup version 0.32-a0-938-g40ac7a0f4d (webtiles) character file.

Game seed: 6477351831475379069

233 smashvw the Sneak (level 5, 0/26 HPs)
             Began as a Spriggan Hunter on Apr 15, 2024.
             Killed from afar by an orc wizard (9 damage)
             ... with a magic dart
             ... on level 3 of the Dungeon.
             The game lasted 00:07:12 (2567 turns).

smashvw the Sneak (Spriggan Hunter)                 Turns: 2567, Time: 00:07:13

Health: 0/26       AC:  2    Str:  7    XL:     5   Next: 74%
Magic:  6/6        EV: 17    Int: 11    God:
Gold:   186        SH:  0    Dex: 20    Spells: 4/4 levels left

rFire   . . .        a - +0 shortbow
rCold   . . .        (shield currently unavailable)
rNeg    . . .        c - +0 robe
rPois   .            (helmet restricted)
rElec   .            (no cloak)
rCorr   .            (gloves unavailable)
SInv    +            (boots unavailable)
Will    .....        (no amulet)
Stlth   +++          (no ring)
HPRegen 0.24/turn    (no ring)
MPRegen 0.10/turn

%: no passive effects
@: very quick
A: very small, no large weapons, unfitting armour, see invisible, speed 3
a: no special abilities


You were on level 3 of the Dungeon.
You visited 1 branch of the dungeon, and saw 3 of its levels.
You also visited: Sewer.

You collected 186 gold pieces.

Inventory:

Hand Weapons
 a - a +0 shortbow (weapon)
Armour
 c - a +0 robe (worn)
Jewellery
 i - a ring of magical power
Scrolls
 b - a scroll of butterflies
 e - a scroll of noise {unknown}
 f - 5 scrolls of identify {unknown}
 g - a scroll of fog {unknown}
 j - a scroll of revelation {unknown}
 k - 2 scrolls of immolation {unknown}
 o - 2 scrolls of enchant weapon {unknown}
 r - a scroll of amnesia {unknown}
 s - a scroll of fear {unknown}
Potions
 d - 2 potions of might {unknown}
 h - a potion of curing {unknown}
 l - a potion of haste {unknown}
 m - 3 potions of mutation
 n - a potion of invisibility {unknown}
 p - 3 potions of enlightenment
 q - a potion of cancellation {unknown}


   Skills:
 - Level 2.0 Fighting
 + Level 5.7 Ranged Weapons
 - Level 3.0 Dodging
 - Level 6.0 Stealth


You had 4 spell levels left.
You didn't know any spells.
Your spell library contained the following spells:

 Spells                   Type           Power      Damage    Failure   Level
 Call Imp                 Summ           0%         N/A       47%         2
 Cigotuvi's Dreadful Rot  Necr/Alch/Air  0%         N/A       47%         2
 Sublimation of Blood     Necr           0%         N/A       47%         2
 Summon Ice Beast         Ice/Summ       0%         N/A       71%         3
 Dispel Undead            Necr           0%         3d6       98%         4
 Martyr's Knell           Necr/Summ      0%         N/A       98%         4
 Summon Mana Viper        Hex/Summ       0%         N/A       100%        5
 Monstrous Menagerie      Summ           0%         N/A       100%        7
 Summon Hydra             Summ           0%         N/A       100%        7


Dungeon Overview and Level Annotations

Branches:
Dungeon (3/15)              Sewer (visited)

Altars:


Innate Abilities, Weirdness & Mutations

You are very small and have problems with some larger weapons.
You are too small for most types of armour.
You have supernaturally acute eyesight. (SInv)
You cover ground extremely quickly. (Speed+++)


Message History

The orc wizard is lightly wounded.
You shoot an arrow. The arrow hits the orc wizard.
The orc wizard is moderately wounded.
An orc comes into view. It is wielding a +0 short sword.
You shoot an arrow. The arrow hits the orc wizard.
The orc wizard is heavily wounded.
You shoot an arrow. The arrow barely misses the orc wizard.
You shoot an arrow. The arrow hits the orc wizard.
The orc wizard is almost dead.
The orc wizard casts a spell at you.
You easily resist.
You shoot an arrow.
The arrow hits the orc wizard but does no damage.
The orc wizard is almost dead.
The orc wizard casts a spell at you.
You are confused.
You shoot an arrow.
You're too confused to move!
The orc wizard points at you and mumbles some strange words.
The puff of flame hits you. The gnoll barely misses you.
The orc wizard gestures wildly while chanting.
The orc wizard flickers and vanishes for a moment.
The orc wizard hits you with a +0 dagger.
You bump into the rock wall.
The gnoll barely misses you.
The orc wizard hits you with a +0 dagger.
You miss the orc wizard.
The orc wizard is severely wounded.
You feel less confused. The gnoll barely misses you.
The orc wizard closely misses you.
The gnoll hits you from afar with a +0 spear!
The orc wizard points at you and mumbles some strange words.
The magic dart hits you.
Fire: a) +0 shortbow
Press: ? - help, Q - select action Shift-Dir - straight line, f/p - orc wizard
Aim: an orc wizard, wielding a +0 dagger and wearing a +0 robe (severely wounded, slightly transparent, 59% to hit)
You shoot an arrow. The arrow hits the orc wizard.
The orc wizard is almost dead.
The orc wizard casts a spell at you. The magic dart hits you!
You die...

########### ######.........#
#..............##
#........[....... ###
#...............# ..###
#.....####.##..##
#...#############.....# #.#..##
...^....##.go...@.....####...##
...........######...........#
.)......#### ###....###.##
#.#.#.### .....# ... ......#
......# #.##..# ..##..##
#.###.## ... ..## .......####
..$. ... #.........# ..o. .#


You could see an orc wizard (invisible) and a gnoll.

Vanquished Creatures
  A brain worm (Sewer)
  A gnoll (D:3)
  2 river rats (Sewer)
  3 adders
  3 ribbon worms
  3 dart slugs
  2 orcs (D:3)
  11 ball pythons
  2 endoplasms
  5 giant cockroaches
  4 goblins
  9 hobgoblins
  11 jackals
  6 kobolds
  8 quokkas
  14 bats
  A frilled lizard (D:1)
  2 rats
88 creatures vanquished.

Notes
Turn   | Place    | Note
-------+----------+-------------------------------------------
     0 | D:1      | smashvw the Spriggan Hunter began the quest for the Orb.
     0 | D:1      | Reached XP level 1. HP: 10/10 MP: 2/2
    77 | D:1      | Reached skill level 2 in Stealth
    89 | D:1      | Reached XP level 2. HP: 15/15 MP: 3/3
   477 | D:1      | Found a faded altar of an unknown god.
   560 | D:1      | Reached skill level 3 in Stealth
   560 | D:1      | Reached XP level 3. HP: 18/18 MP: 4/4
   753 | D:2      | Identified the +3 hand axe "Reddib" {freeze, rElec rPois
                  | MP+9}
  1122 | D:2      | Reached skill level 4 in Stealth
  1395 | D:2      | Reached XP level 4. HP: 23/23 MP: 5/5
  1740 | D:3      | Found a glowing drain.
  1753 | Sewer    | Entered a sewer
  1817 | Sewer    | Reached skill level 5 in Ranged Weapons
  1912 | Sewer    | Reached skill level 5 in Stealth
  1927 | Sewer    | Noticed a brain worm
  1938 | Sewer    | Killed a brain worm
  1939 | Sewer    | Reached XP level 5. HP: 13/26 MP: 3/6
  2174 | Sewer    | Reached skill level 6 in Stealth
  2567 | D:3      | Killed from afar by an orc wizard

Illustrated notes

Levels and vault maps discovered:
D:1:      minmay_arrival_checkered_box, layout_basic,
          hellmonk_ecumenical_altar_inner_sanctum
D:2:      layout_basic
D:3:      layout_rooms, gup_sewer_entry_pipe

Skill      XL: |  1  2  3  4  5 |
---------------+----------------+-----
Dodging        | 3 |  3.0
Stealth        | 2 3 4 5 6 |  6.0
Fighting       | 2 |  2.0
Ranged Weapons | 5 |  5.7

Action                     |  1- 3 |  4- 6 || total
---------------------------+-------+-------++-------
  Melee: Shortbow          |       |     1 ||     1
   Fire: Shortbow          |    89 |   141 ||   230
 Armour: Robe              |    15 |    32 ||    47
  Dodge: Dodged            |    20 |    44 ||    64

Table legend: (Time is in decaauts)
 A = Elapsed time spent in this place.
 B = Non-inter-level travel time spent in this place.
 C = Inter-level travel time spent in this place.
 D = Time resting spent in this place.
 E = Time spent auto-exploring this place.
 F = Levels seen in this place.
 G = Mean time per level.
                   A        B        C        D        E       F      G
               +--------+--------+--------+--------+--------+-----+--------+
         Total |   1999 |   1962 |     37 |      0 |   1390 |   4 |  499.8 |
       Dungeon |   1235 |   1198 |     37 |      0 |    836 |   3 |  411.7 |
         Sewer |    764 |    764 |      0 |      0 |    554 |   1 |  764.0 |
               +--------+--------+--------+--------+--------+-----+--------+

Top non-repeatable levels by time:
   Sewer: 764 daAuts
     D:2: 536 daAuts
     D:1: 519 daAuts
     D:3: 179 daAuts
